 Dungeon Crawl Stone Soup version 0.29-a0-334-gb41bcbb86e (webtiles) character file.

Game seed: 9318159438271517666

129 SkeletonJelly the Covert (level 4, -3/27 HPs)
             Began as a Vampire Delver on Apr 16, 2022.
             Was a Follower of Uskayaw.
             Slain by a gnoll
             ... wielding a +0 halberd
              (6 damage)
             ... on level 4 of the Dungeon.
             The game lasted 00:05:23 (1947 turns).

SkeletonJelly the Covert (Vampire Delver)           Turns: 1947, Time: 00:05:24

Health: -3/27      AC:  4    Str: 11    XL:     4   Next: 88%
Magic:  6/6        EV: 12    Int: 12    God:    Uskayaw [*.....]
Gold:   83         SH:  0    Dex: 17    Spells: 3/3 levels left

rFire   . . .      SeeInvis +   o - +3 dagger
rCold   + + .      Faith    .   (no shield)
rNeg    + + +      Spirit   .   b - +0 leather armour
rPois   ∞          Reflect  .   (no helmet)
rElec   .          Harm     .   p - +0 cloak
rCorr   .          Rampage  .   (no gloves)
Will    .....                   (no boots)
Stlth   ++++++....              (no amulet)
HPRegen 0.00/turn               (no ring)
MPRegen 0.10/turn               (no ring)

@: bloodless, inhibited regen
A: bloodless, fangs 3, see invisible, vampiric 2
a: Bat Form, Revivify, Renounce Religion, Stomp


You were on level 4 of the Dungeon.
You worshipped Uskayaw.
Uskayaw was noncommittal.
You visited 2 branches of the dungeon, and saw 4 of its levels.

You collected 83 gold pieces.

Inventory:

Hand Weapons
 a - a +0 short sword
 o - a +3 dagger (weapon)
Armour
 b - a +0 leather armour (worn)
 p - a +0 cloak (worn)
Wands
 g - a wand of digging (3)
 i - a wand of iceblast (3)
Scrolls
 c - 2 scrolls of fog
 d - a scroll of magic mapping
 e - a scroll of fear
 j - 3 scrolls of identify {unknown}
 k - a scroll of vulnerability {unknown}
 l - 2 scrolls of amnesia {unknown}
 n - a scroll of brand weapon {unknown}
Potions
 f - a potion of haste
 h - a potion of might {unknown}
 m - 3 potions of mutation {unknown}


   Skills:
 - Level 2.6 Fighting
 + Level 3.3 Short Blades
 - Level 2.1 Dodging
 + Level 8.2 Stealth
 * Level 2.8 Invocations


You had 3 spell levels left.
You didn't know any spells.
Your spell library contained the following spells:

 Spells                   Type           Power      Damage    Failure   Level
 Apportation              Tloc           0%         N/A       41%         1
 Alistair's Intoxication  Tmut/Pois      0%         N/A       100%        5


Dungeon Overview and Level Annotations

Branches:
Dungeon (5/15)             Temple (1/1) D:5

Altars:
Ashenzari
Cheibriados
Elyvilon
Fedhas
Gozag
Hepliaklqana
Makhleb
Nemelex Xobeh
Okawaru
Sif Muna
Uskayaw
Vehumet
Wu Jian
Xom
Yredelemnul
Zin
The Shining One

Annotations:
D:4 1 runed translucent door, Crazy Yiuf


Innate Abilities, Weirdness & Mutations

You do not regenerate when monsters are visible.
You are frail without blood (-20% HP).
You can heal yourself when you bite living creatures.
You are immune to poison.
You have razor-sharp teeth.
You have supernaturally acute eyesight. (SInv)
You are afflicted with vampirism and can become a bat while bloodless.


Message History

You kill the gnoll!
No target in view!
No target in view!
No target in view!
No target in view!
Magic restored.
A gnoll comes into view. It is wielding a +0 whip.
The gnoll shouts!
A gnoll comes into view. It is wielding a +0 spear.
The gnoll moves out of view.
A gnoll comes into view. It is wielding a +0 spear.
You see here a +0 spear.
MP restored: 6
There are monsters nearby!
There are monsters nearby!
There are monsters nearby!
There are monsters nearby!
You throw a poisoned dart.
The poisoned dart barely misses the gnoll.
The gnoll shouts! x2
You throw a poisoned dart.
The poisoned dart barely misses the gnoll.
There is a stone staircase leading up here.
You climb upwards.
There is a stone staircase leading down here.
You see here a +0 club.
There is a stone staircase leading down here.
Done exploring.
You climb downwards.
Level annotation: 1 runed translucent door, Crazy Yiuf
There is a stone staircase leading up here.
There is an open door here.
A gnoll is nearby!
Nothing quivered!
You barely miss the gnoll.
The gnoll shouts!
The gnoll closely misses you.
You hit the gnoll.
The gnoll is lightly wounded.
The gnoll hits you but does no damage.
You hit the gnoll.
The gnoll is moderately wounded.
The gnoll closely misses you.
You barely miss the gnoll.
The gnoll is moderately wounded.
The gnoll barely misses you.
You hit the gnoll.
The gnoll is heavily wounded.
You hit the gnoll.
The gnoll is severely wounded.
The gnoll closely misses you.
You barely miss the gnoll.
The gnoll is severely wounded.
The gnoll hits you with a +0 spear.
You take 1 damage, and have 26/27 hp.
You completely miss the gnoll. You bite the gnoll, but do no damage.
The gnoll is severely wounded.
The gnoll hits you with a +0 spear.
You take 3 damage, and have 23/27 hp.
You hit the gnoll.
You kill the gnoll!
No target in view!
No target in view!
No target in view!
No target in view!
No target in view!
HP restored.
Things that are here:
a +0 spear; a gnoll corpse; Health restored: 27
There is an open door here.
There is an open door here.
A gnoll is nearby!
A gnoll is nearby!
A gnoll is nearby!
The gnoll hits you with a +0 halberd.
You take 3 damage, and have 24/27 hp.
You hit the gnoll.
The gnoll is moderately wounded.
You hit the gnoll.
The gnoll is heavily wounded.
The gnoll closely misses you.
You hit the gnoll.
The gnoll is almost dead.
The gnoll hits you with a +0 halberd!
You take 9 damage, and have 15/27 hp.
MASSIVE DAMAGE!!
You closely miss the gnoll.
The gnoll is almost dead.
The gnoll hits you with a +0 halberd!
* * * LOW HITPOINT WARNING * * *
You take 12 damage, and have 3/27 hp.
MASSIVE DAMAGE!!
You are too injured to fight recklessly!
You are too injured to fight recklessly!
You are too injured to fight recklessly!
You are too injured to fight recklessly!
You are too injured to fight recklessly!
You are too injured to fight recklessly!
You closely miss the gnoll.
The gnoll is almost dead.
The gnoll hits you with a +0 halberd.
You die...

)#.##.## #.# #.###.##.# # ..^##.#
#.# #........# .#.##.# #.#
#.###.#.## ...##'## #.# #.#.....#
##.#...## ##.## #.#.#.#.#
#......## ##...# #.#.#.#.##
##.......## #....# #.#.#.#..##
#...).....####....####...gg.<..#
..........'.....@g......)........
..........####...#########.#...##
##.......#####..#### #.##.##
###.....###........# #....# #
##...## #.##.###.# ####.# ##'##
#.##.# #.# #.# #.# #.##.######
#.# #.# #.##.##...## ###.###
##.## #...##.....#### #......


You could see a gnoll.

Vanquished Creatures
  A scorpion (D:4)
  3 gnolls
  2 adders (D:3)
  2 dart slugs
  An orc (D:4)
  An endoplasm (D:4)
  2 hobgoblins
  2 quokkas (D:4)
  A ball python (D:4)
  6 kobolds
21 creatures vanquished.

Notes
Turn   | Place    | Note
-------+----------+-------------------------------------------
     0 | D:5      | SkeletonJelly the Vampire Delver began the quest for the
                  | Orb.
     0 | D:5      | Reached XP level 1. HP: 17/17 MP: 1/1
     6 | Temple   | Entered the Ecumenical Temple
   238 | Temple   | Became a worshipper of Uskayaw the Reveller
   272 | D:5      | Noticed a phantom
   309 | D:4      | Reached * piety under Uskayaw
   481 | D:4      | Reached XP level 2. HP: 23/23 MP: 2/2
   562 | D:4      | Noticed a scorpion
   569 | D:4      | Killed a scorpion
   569 | D:4      | Reached ** piety under Uskayaw
   570 | D:4      | Gained mutation: You are afflicted with vampirism and can
                  | become a bat while bloodless. [Vampire growth]
   570 | D:4      | Reached XP level 3. HP: 28/28 MP: 2/4
   570 | D:4      | Reached XP level 4. HP: 34/34 MP: 2/5
   805 | D:3      | Reached skill level 8 in Stealth
  1062 | D:3      | Found a snail-covered altar of Cheibriados.
  1062 | D:3      | Found a faded altar of an unknown god.
  1070 | D:3      | Found a faded altar of an unknown god.
  1072 | D:3      | Found an ornate altar of the Wu Jian Council.
  1074 | D:3      | Found a hazy altar of Hepliaklqana.
  1691 | D:4      | Found a runed translucent door.
  1692 | D:4      | Noticed Crazy Yiuf
  1947 | D:4      | Slain by a gnoll

Illustrated notes

Levels and vault maps discovered:
D:3:      layout_loops_ring, chequers_temple_overflow_minitemple
D:4:      layout_loops_corners, kennysheep_windowed_goal, uniq_edmund,
          uniq_crazy_yiuf_cottage
D:5:      layout_cave_pools, mainiacjoe_overflow_divided_tiny, temple_fountains
Temple:   dpeg_chambers_temple

Skill      XL: |  1  2  3  4 |
---------------+-------------+-----
Short Blades   | 3 |  3.3
Invocations    | 2 |  2.8
Stealth        | 8 |  8.2
Fighting       | |  2.6
Dodging        | |  2.1

Action                   |  1- 3 |  4- 6 || total
-------------------------+-------+-------++-------
Melee: Short sword       |    17 |     8 ||    25
       Bite              |     2 |     5 ||     7
       Dagger            |       |    32 ||    32
Throw: Dart              |       |     6 ||     6
 Abil: Exsanguinate      |       |     1 ||     1
 Stab: Sleeping          |     4 |     7 ||    11
Armor: Leather armour    |     2 |     5 ||     7
Dodge: Dodged            |     8 |    19 ||    27

Table legend: (Time is in decaauts)
 A = Elapsed time spent in this place.
 B = Non-inter-level travel time spent in this place.
 C = Inter-level travel time spent in this place.
 D = Time resting spent in this place.
 E = Time spent auto-exploring this place.
 F = Levels seen in this place.
 G = Mean time per level.
                   A        B        C        D        E       F      G
               +--------+--------+--------+--------+--------+-----+--------+
         Total |   1942 |   1836 |    106 |     72 |   1406 |   4 |  485.5 |
       Dungeon |   1696 |   1629 |     67 |     72 |   1215 |   3 |  565.3 |
        Temple |    245 |    206 |     39 |      0 |    191 |   1 |  245.0 |
               +--------+--------+--------+--------+--------+-----+--------+

Top non-repeatable levels by time:
     D:3: 900 daAuts
     D:4: 737 daAuts
  Temple: 245 daAuts
     D:5: 58 daAuts
